 Dungeon Crawl Stone Soup version 0.32-a0-683-ge26c5dbc97 (webtiles) character file.

Game seed: 12085516305876286785

128 Revguard the Ruffian (level 4, -13/45 HPs)
             Began as a Troll Monk on Mar 12, 2024.
             Mangled by Mousus6's ghost (15 damage)
             ... on level 4 of the Dungeon.
             The game lasted 00:04:21 (2856 turns).

Revguard the Ruffian (Troll Monk)                   Turns: 2856, Time: 00:04:22

Health: -13/45     AC:  5    Str: 19    XL:     4   Next: 87%
Magic:  3/3        EV: 10    Int:  6    God:
Gold:   204        SH:  0    Dex: 14    Spells: 3/3 levels left

rFire   . .          .
                       - Unarmed
rCold   . . .        c - orb {light}
rNeg    . . .        a - +0 robe
rPois   .            (helmet restricted)
rElec   .            o - +0 cloak
rCorr   .            (gloves unavailable)
SInv    .            (boots unavailable)
Will    .....        n - amulet of reflection
Stlth   +            (no ring)
HPRegen 1.07/turn    (no ring)
MPRegen 0.08/turn

%: reflection
@: confused, glowing
A: large, unfitting armour, claws 3, regeneration 1, shaggy fur 1, tough skin 1
a: no special abilities


You were on level 4 of the Dungeon.
You visited 1 branch of the dungeon, and saw 4 of its levels.

You collected 204 gold pieces.

Inventory:

Hand Weapons
 e - a +1 vampiric whip
Armour
 a - a +0 robe (worn)
 c - an orb of light (worn)
 o - a +0 cloak (worn)
Jewellery
 n - an amulet of reflection (around neck)
Scrolls
 d - 2 scrolls of amnesia {unknown}
 f - 2 scrolls of fear {unknown}
 g - a scroll of vulnerability {unknown}
 k - a scroll of poison {unknown}
 l - 2 scrolls of identify {unknown}
 p - a scroll of blinking {unknown}
 r - a scroll of teleportation {unknown}
 t - a scroll of immolation {unknown}
 v - a scroll of enchant armour {unknown}
Potions
 b - a potion of ambrosia
 h - a potion of resistance {unknown}
 i - 2 potions of brilliance {unknown}
 j - 3 potions of attraction {unknown}
 m - a potion of heal wounds {unknown}
 q - a potion of curing {unknown}
 s - 2 potions of haste {unknown}
 u - a potion of degeneration {unknown}


   Skills:
 * Level 3.0 Fighting
 + Level 1.3 Throwing
 + Level 1.1 Armour
 + Level 2.7 Dodging
 * Level 3.8 Unarmed Combat
 + Level 1.2 Shapeshifting


You had 3 spell levels left.
You didn't know any spells.
Your spell library contained the following spells:

 Spells                   Type           Power      Damage    Failure   Level
 Ensorcelled Hibernation  Hex/Ice        0%         N/A       58%         2
 Passwall                 Erth           0%         N/A       83%         3
 Swiftness                Air            0%         N/A       83%         3
 Vhi's Electric Charge    Tloc/Air       0%         N/A       99%         4
 Arcjolt                  Conj/Air       0%         1d10      100%        5
 Maxwell's Capacitive Co  Air            0%         ∞         100%        8


Dungeon Overview and Level Annotations

Branches:
Dungeon (4/15)
 Temple: D:4-7

Altars:
Kikubaaqudgha
Uskayaw
Wu Jian
The Shining One

Annotations:
D:4 Mousus6's ghost, amateur BaAl


Innate Abilities, Weirdness & Mutations

You are too large for most types of armour.
You have claws for hands.
Your natural rate of healing is unusually fast.
You are covered in fur. (AC +1)
You have tough skin. (AC +1)


Message History

Mousus6's ghost hits you.
* * * LOW HITPOINT WARNING * * *
You are engulfed in noxious fumes.
You choke on the stench!
You are more confused.
You feel sick.
You feel sick.
Mousus6's ghost says, "I don't need to breathe anymore, but you do!"
Mousus6's ghost casts a spell at you.
The ball explodes into a vile cloud!
The stinking cloud engulfs you but does no damage.
The stinking cloud engulfs Mousus6's ghost but does no damage.
You are engulfed in noxious fumes.
You choke on the stench!
You are more confused.
You feel sick. Mousus6's ghost misses you.
You feel sick. Mousus6's ghost hits you.
* * * LOW HITPOINT WARNING * * *
There is an open translucent door here.
You are engulfed in noxious fumes.
You choke on the stench!
You are more confused.
You feel sick.
Mousus6's ghost points at you and mumbles some strange words.
The sting misses you.
You feel sick.
You feel sick. Mousus6's ghost casts a spell at you.
The ball explodes into a vile cloud!
The stinking cloud engulfs you but does no damage.
You are engulfed in noxious fumes.
You choke on the stench!
You are more confused.
You feel sick.
You are no longer poisoned.
Mousus6's ghost misses you.
You are engulfed in noxious fumes.
You choke on the stench!
You are more confused.
Mousus6's ghost hits you.
* * * LOW HITPOINT WARNING * * *
Mousus6's ghost hits you.
* * * LOW HITPOINT WARNING * * *
You are electrocuted!
You die...

##########.)...###### ####.#
.........#..........###....#
########.#.......##........######
.......#.####.....#........##....
######.#.# #....§§..###...##....
#.#.# #...○§..##⌠##...#.... #.#.#
###°°°§##...##.....## #.#.###
#.§W##..!..##...... #.....#
#>@.'...♣..⌠#...... #.....#
##..##..?..##....##
#.....#####...##...##.....#
#.....'........##⌠##......#
######.....#######...###.......#
.........)................######
######.....#######.......##
##..#.....# ######### #...#.#####


You could see Mousus6's ghost.

Vanquished Creatures
  5 adders
  4 dart slugs
  2 ribbon worms
  5 orcs
  5 bats (D:1)
  8 endoplasms
  4 goblins
  6 hobgoblins
  2 jackals (D:4)
  4 quokkas
  4 ball pythons
  2 frilled lizards
  6 kobolds
  4 rats
61 creatures vanquished.

Notes
Turn   | Place    | Note
-------+----------+-------------------------------------------
     0 | D:1      | Revguard the Troll Monk began the quest for the Orb.
     0 | D:1      | Reached XP level 1. HP: 22/22 MP: 0/0
    95 | D:1      | Reached XP level 2. HP: 29/29 MP: 1/1
   629 | D:2      | Reached XP level 3. HP: 36/36 MP: 2/2
  1106 | D:2      | Reached skill level 1 in Throwing
  1137 | D:2      | Reached XP level 4. HP: 44/44 MP: 3/3
  1298 | D:3      | Found a faded altar of an unknown god.
  1335 | D:3      | Reached skill level 1 in Armour
  1404 | D:3      | Found a glowing golden altar of the Shining One.
  1482 | D:3      | Reached skill level 1 in Shapeshifting
  1497 | D:3      | Found a hide-covered altar of Uskayaw.
  2059 | D:4      | Noticed Mousus6's ghost (amateur BaAl)
  2161 | D:4      | Found an ancient bone altar of Kikubaaqudgha.
  2201 | D:4      | Found a runed translucent door.
  2488 | D:4      | Found an ornate altar of the Wu Jian Council.
  2856 | D:4      | HP: 2/45 [Mousus6's ghost (4)]
  2856 | D:4      | Mangled by Mousus6's ghost

Illustrated notes

Levels and vault maps discovered:
D:1:      amcnicky_arrival_flooded_fountain, layout_rooms,
          kennysheep_pointless_box
D:2:      layout_loops_corners, dk_noncrumbling_4
D:3:      layout_basic, mainiacjoe_overflow_surrounded_room,
          nicolae_uskayaw_dance_hall, shapermc_ecumenical_altar_starsandcircs
D:4:      layout_basic, nzn_wu_jian_council_hall, marbit_many_paths,
          serial_bayou, serial_bayou_pond_e, serial_bayou_ford_a,
          serial_bayou_shore_b, serial_bayou_crossing, serial_bayou_pond_d,
          hellmonk_ghost_happy_afterlife, chequers_avenue

Skill      XL: |  1  2  3  4 |
---------------+-------------+-----
Throwing       | 1 |  1.3
Armour         | 1 |  1.1
Fighting       | 3 |  3.0
Shapeshifting  | 1 |  1.2
Dodging        | |  2.7
Unarmed Combat | |  3.8

Action                     |  1- 3 |  4- 6 || total
---------------------------+-------+-------++-------
  Melee: Unarmed           |    60 |    59 ||   119
 Armour: Robe              |    32 |    32 ||    64
  Dodge: Dodged            |    27 |    21 ||    48

Table legend: (Time is in decaauts)
 A = Elapsed time spent in this place.
 B = Non-inter-level travel time spent in this place.
 C = Inter-level travel time spent in this place.
 D = Time resting spent in this place.
 E = Time spent auto-exploring this place.
 F = Levels seen in this place.
 G = Mean time per level.
                   A        B        C        D        E       F      G
               +--------+--------+--------+--------+--------+-----+--------+
         Total |   2846 |   2768 |     78 |      0 |   2404 |   4 |  711.5 |
       Dungeon |   2846 |   2768 |     78 |      0 |   2404 |   4 |  711.5 |
               +--------+--------+--------+--------+--------+-----+--------+

Top non-repeatable levels by time:
     D:4: 988 daAuts
     D:2: 852 daAuts
     D:3: 564 daAuts
     D:1: 441 daAuts
